 Dungeon Crawl Stone Soup version 0.30.1-9-gdf580d7c3d (webtiles) character file.

Game seed: 2598199513617338972

21 Psyclone the Conjurer (level 2, 15/15 HPs)
             Began as a Deep Elf Conjurer on Sept 29, 2023.
             Quit the game on level 1 of the Dungeon.
             The game lasted 00:01:09 (1210 turns).

Psyclone the Conjurer (Deep Elf Conjurer)           Turns: 1210, Time: 00:01:09

Health: 15/15      AC:  2    Str:  4    XL:     2   Next: 65%
Magic:  8/8        EV: 12    Int: 22    God:
Gold:   50         SH:  0    Dex: 13    Spells: 5/8 levels left

rFire   . . .        (no weapon)
rCold   . . .        (no shield)
rNeg    . . .        a - +0 robe
rPois   .            (no helmet)
rElec   .            (no cloak)
rCorr   .            (no gloves)
SInv    .            (no boots)
Will    .....        (no amulet)
Stlth   ++           (no ring)
HPRegen 0.22/turn    (no ring)
MPRegen 0.11/turn

%: no passive effects
@: no status effects
A: no striking features
a: no special abilities


You were on level 1 of the Dungeon.
You visited 1 branch of the dungeon, and saw 1 of its levels.

You collected 50 gold pieces.

Inventory:

Armour
 a - a +0 robe (worn)
Potions
 b - a potion of magic
 g - 2 potions of lignification


   Skills:
 - Level 2.4 Dodging
 - Level 2.4 Stealth
 + Level 3.9 Spellcasting
 + Level 4.8 Conjurations


You had 5 spell levels left.
You knew the following spells:

 Your Spells              Type           Power      Damage    Failure   Level
a - Magic Dart            Conj           100%       1d8       1%          1
b - Searing Ray           Conj           50%        2d6       2%          2

Your spell library contained the following spells:

 Spells                   Type           Power      Damage    Failure   Level
 Dazzling Flash           Conj/Hex       30%        N/A       12%         3
 Fulminant Prism          Conj/Hex       7%         3d6       38%         4
 Iskenderun's Mystic Bla  Conj/Tloc      15%        2d5       38%         4


Dungeon Overview and Level Annotations

Branches:
Dungeon (1/15) Zot: 4787

Altars:


Message History

You see here a frilled lizard corpse.
You see here a hobgoblin corpse.
You see here a ball python skeleton.
You see here a +0 club.
There is a stone staircase leading down here.
There is an open gate here.
You enter the shallow water.
Moving in this stuff is going to be slow.
You enter the shallow water.
Moving in this stuff is going to be slow.
You enter the shallow water.
Moving in this stuff is going to be slow.
Partly explored, can't reach some places.
Why would you want to do that? Why would you want to do that?
There is an open gate here.
Blink to where?
Press: ? - help, Dir - move target
As you read the scroll labelled AKOIM CAIZUCA, it crumbles to dust.
It was a scroll of blinking.
As you read the scroll labelled RESEPP XIZXEUH, it crumbles to dust.
You feel strangely unstable.
It was a scroll of teleportation.
It was a potion of cancellation.
You feel strangely stable.
You feel magically purged.
It was a potion of curing.
You feel better.
It was a potion of lignification.
You turn into a tree.
Your +0 robe melds into your body.
Your roots penetrate the ground.
You now have 22/22 hp.
You start resting.
Your transformation is almost over.
HP restored.
You feel less wooden.
Your +0 robe unmelds from your body.
You now have 15/15 hp.
You start waiting.
Done waiting.
You start waiting.
Done waiting.
Are you sure you want to abandon this character and quit the game? (Confirm with "yes".)

≈.......#...[..>.......#)........
≈~.....P#....##....###..#######..
≈~~....♣#....#####..###.# #......
≈≈~....♣#....# ##.# #.###......
≈~......####.# #.###.>##......
≈~.....## #.# #..###.##......
≈≈~...P#####.# ##......#......
≈≈~.....'..#.###########.........
≈≈......'.......@......#.........
≈~..♣...'.############.##........
≈~.....#### #.###....### ≈~~....#
#.# #....... ≈≈≈..P♣P# #.#
###.##.# ######### #.# #.##..
####.#####.#### #........#.# #
#..........# #


There were no monsters in sight!

Vanquished Creatures
  4 ball pythons (D:1)
  3 bats (D:1)
  2 endoplasms (D:1)
  2 goblins (D:1)
  3 hobgoblins (D:1)
  A frilled lizard (D:1)
  3 kobolds (D:1)
18 creatures vanquished.

Notes
Turn   | Place    | Note
-------+----------+-------------------------------------------
     0 | D:1      | Psyclone the Deep Elf Conjurer began the quest for the Orb.
     0 | D:1      | Reached XP level 1. HP: 10/10 MP: 6/6
   188 | D:1      | Reached XP level 2. HP: 15/15 MP: 2/8
   408 | D:1      | Learned a level 2 spell: Searing Ray
  1210 | D:1      | Quit the game

Illustrated notes

Levels and vault maps discovered:
D:1:      kennysheep_arrival_seaside, layout_basic

Action                     || total
---------------------------++-------
   Cast: Magic Dart        ||    29
    Use: Potion            ||     3
         Scroll            ||     2
  Dodge: Dodged            ||     1
